 Dungeon Crawl Stone Soup version 0.21.1-1-g345015f (webtiles) character file.

84 Mgcat the Vexing (level 4, -2/34 HPs)
             Began as a Gnoll Arcane Marksman on Feb 6, 2018.
             Killed by divine providence
             ... invoked by an orc priest
              (16 damage)
             ... on level 3 of the Dungeon.
             The game lasted 00:04:43 (1245 turns).

Mgcat the Vexing (Gnoll Arcane Marksman)            Turns: 1245, Time: 00:04:45

Health: -2/34      AC:  7    Str: 13    XL:     4   Next: 45%
Magic:  8/8        EV: 11    Int: 15    God:
Gold:   126        SH:  0    Dex: 16    Spells: 6/9 levels left

rFire    . . .     SeeInvis .   m - +0 mace
rCold    . . .     Gourm    .   (no shield)
rNeg     . . .     Faith    .   r - +0 scale mail
rPois    .         Spirit   .   w - +0 helmet
rElec    .         Reflect  .   (no cloak)
rCorr    .         Harm     .   (no gloves)
MR       .....                  (no boots)
Stlth    ..........             (no amulet)
HPRegen  0.11/turn              (no ring)
MPRegen  0.11/turn              (no ring)

@: no status effects
A: distributed training, fangs 1, strong nose
a: no special abilities


You were on level 3 of the Dungeon.
You were not hungry.

You visited 1 branch of the dungeon, and saw 3 of its levels.

You collected 126 gold pieces.

Inventory:

Hand Weapons
 a - a +0 hunting sling
 m - a +0 mace (weapon)
   (You found it on level 1 of the Dungeon)
Missiles
 d - 42 sling bullets
 h - 6 javelins (quivered)
 l - 4 tomahawks
 o - 58 stones
Armour
 b - a +0 leather armour
   (You found it on level 1 of the Dungeon)
 e - a +0 robe
 r - a +0 scale mail (worn)
   (You found it on level 1 of the Dungeon)
 w - a +0 helmet (worn)
   (You found it on level 3 of the Dungeon)
Scrolls
 g - a scroll of amnesia {unknown}
 i - 5 scrolls of identify {unknown}
 k - 3 scrolls of teleportation {unknown}
 q - a scroll of remove curse {unknown}
Potions
 j - a potion of lignification {unknown}
 n - 2 potions of heal wounds {unknown}
 p - a potion of haste {unknown}
 t - a potion of curing {unknown}
 u - a potion of ambrosia {unknown}
 v - a potion of brilliance {unknown}
Books
 c - a book of Debilitation
Comestibles
 f - a ration
 s - 2 chunks of flesh {@w0}


   Skills:
 + Level 2.7 Fighting
 + Level 1.1 Short Blades
 + Level 1.1 Long Blades
 + Level 1.1 Axes
 + Level 1.1 Maces & Flails
 + Level 1.1 Polearms
 + Level 1.1 Staves
 + Level 4.6 Slings
 + Level 1.1 Bows
 + Level 1.1 Crossbows
 + Level 1.1 Throwing
 + Level 1.1 Armour
 + Level 4.6 Dodging
 + Level 1.1 Stealth
 + Level 1.1 Shields
 + Level 1.1 Unarmed Combat
 + Level 3.0 Spellcasting
 + Level 0.9 Conjurations
 + Level 5.4 Hexes
 + Level 0.9 Charms
 + Level 0.9 Summonings
 + Level 0.9 Necromancy
 + Level 0.9 Translocations
 + Level 0.9 Transmutations
 + Level 0.9 Fire Magic
 + Level 0.9 Ice Magic
 + Level 0.9 Air Magic
 + Level 0.9 Earth Magic
 + Level 0.9 Poison Magic
 + Level 1.2 Invocations
 + Level 1.1 Evocations


You had 6 spell levels left.
You knew the following spells:

 Your Spells              Type           Power        Failure   Level  Hunger
a - Corona                Hex            ###....      10%         1    #......
b - Slow                  Hex            ###.....     16%         2    ##.....


Dungeon Overview and Level Annotations

Branches:
Dungeon (3/15)

Altars:
Wu Jian


Innate Abilities, Weirdness & Mutations

Your experience applies equally to all skills.
You have very sharp teeth.
Your uncanny sense of smell can sniff out nearby items.


Message History

Aim: a dart slug (clinging)
You throw a javelin. The javelin hits the dart slug.
The dart slug is heavily wounded.
The dart slug moves out of view.
Throwing (i - inventory. (,) - cycle):
h - 7 javelins (quivered)
Press: ? - help, Shift-Dir - straight line, f - you
Okay, then.
Unknown command.
The dart slug is too close now for your liking.
Throwing (i - inventory. (,) - cycle):
h - 7 javelins (quivered)
Press: ? - help, Shift-Dir - straight line, f/p - dart slug
Aim: a dart slug (heavily wounded, clinging)
You throw a javelin. The javelin hits the dart slug.
You kill the dart slug!
Your Short Blades skill increases to level 1!
Your Long Blades skill increases to level 1!
Your Axes skill increases to level 1!
Your Maces & Flails skill increases to level 1!
Your Polearms skill increases to level 1!
Your Staves skill increases to level 1!
Your Bows skill increases to level 1!
Your Crossbows skill increases to level 1!
Your Throwing skill increases to level 1!
Your Armour skill increases to level 1!
Your Stealth skill increases to level 1!
Your Shields skill increases to level 1!
Your Unarmed Combat skill increases to level 1!
Your Evocations skill increases to level 1!
h - 7 javelins (gained 1)
You butcher the dart slug corpse.
s - 5 chunks of flesh {@w0} (gained 2)
o - 45 stones (gained 21)
o - 58 stones (gained 13) Some of the chunks of flesh in your inventory have rotted away.
Found a stone staircase leading down.
v - a golden potion Some of the chunks of flesh in your inventory have rotted away.
You see here a leather armour.
Found an ornate altar of the Wu Jian Council.
You now have 126 gold pieces (gained 2).
You see here a leather armour.
Some of the chunks of flesh in your inventory have rotted away.
Done exploring.
Done exploring.
Done exploring.
There is a stone staircase leading down here.
You climb downwards.
There is a stone staircase leading up here.
w - a helmet Wear which item? (? for menu, Esc to quit)
You start putting on your armour.
You continue putting on your helmet. x4
You finish putting on your +0 helmet.
There is a stone staircase leading up here.
An orc and 2 orc priests come into view.
An orc priest is wielding a hand axe of chopping.
The orc priest shouts!
The orc shouts!
The orc priest shouts!
The orc priest miscasts a cantrip.
Throwing (i - inventory. (,) - cycle):
h - 7 javelins (quivered)
Press: ? - help, Shift-Dir - straight line, f - orc
Aim: an orc, wielding a mace and wearing a leather armour You throw a javelin.
The javelin closely misses the orc.
The orc hits you with a mace.
You hit the orc.
The orc is lightly wounded.
The orc hits you with a mace.
You hit the orc but do no damage.
The orc is lightly wounded.
You hit the orc but do no damage.
The orc is lightly wounded.
The orc closely misses you. The orc priest completely misses you.
You closely miss the orc priest. Your bite misses the orc priest.
The orc closely misses you.
The orc priest looks braver for a moment.
You barely miss the orc priest. The orc closely misses you.
The orc priest mumbles some strange prayers to Beogh against you.
Beogh smites you! The orc barely misses you.
You sock the orc priest! You bite the orc priest.
The orc priest is heavily wounded.
The orc priest hits you but does no damage. x2
The orc hits you with a mace.
You sock the orc priest!
You kill the orc priest!
Your Spellcasting skill increases to level 3!
You have reached level 4!
You feel stronger. The orc misses you.
You hit the orc priest. You bite the orc priest.
The orc priest is lightly wounded.
The orc priest hits you but does no damage.
The orc barely misses you.
The orc priest calls upon Beogh to heal the orc.
The orc's wounds heal themselves!
Your scale mail prevents you from hitting the orc priest.
The orc priest is lightly wounded.
The orc hits you but does no damage. The orc priest closely misses you.
You hit the orc priest. Your bite misses the orc priest.
The orc priest is heavily wounded.
The orc closely misses you.
The orc priest calls down the wrath of Beogh upon you.
Beogh smites you!
You die...

#.# #.# #.#
##.##
####...#####
#.<......... ∆
#.##...####
#.......###.##
#)..##### #@#
## #oo......
####.#.## #∆


You could see an orc priest and an orc.

Vanquished Creatures
  An orc priest (D:3)
  2 oozes (D:2)
  2 worms (D:2)
  2 dart slugs
  2 leopard geckos
  A ball python (D:1)
  3 bats
  3 giant cockroaches
  5 goblins
  A hobgoblin (D:1)
  4 jackals (D:2)
  A frilled lizard (D:1)
  3 kobolds (D:2)
  5 rats
35 creatures vanquished.

Notes
Turn   | Place    | Note
-------+----------+-------------------------------------------
     0 | D:1      | Mgcat the Gnoll Arcane Marksman began the quest for the Orb.
     0 | D:1      | Reached XP level 1. HP: 17/17 MP: 4/4
   168 | D:1      | Reached XP level 2. HP: 23/23 MP: 5/5
   680 | D:1      | Learned a level 2 spell: Slow
   760 | D:2      | Reached XP level 3. HP: 25/28 MP: 7/7
   892 | D:2      | Reached skill level 1 in Invocations
  1072 | D:2      | Reached skill level 1 in Short Blades
  1072 | D:2      | Reached skill level 1 in Long Blades
  1072 | D:2      | Reached skill level 1 in Axes
  1072 | D:2      | Reached skill level 1 in Maces & Flails
  1072 | D:2      | Reached skill level 1 in Polearms
  1072 | D:2      | Reached skill level 1 in Staves
  1072 | D:2      | Reached skill level 1 in Bows
  1072 | D:2      | Reached skill level 1 in Crossbows
  1072 | D:2      | Reached skill level 1 in Throwing
  1072 | D:2      | Reached skill level 1 in Armour
  1072 | D:2      | Reached skill level 1 in Stealth
  1072 | D:2      | Reached skill level 1 in Shields
  1072 | D:2      | Reached skill level 1 in Unarmed Combat
  1072 | D:2      | Reached skill level 1 in Evocations
  1166 | D:2      | Found an ornate altar of the Wu Jian Council.
  1242 | D:3      | Reached skill level 3 in Spellcasting
  1242 | D:3      | Reached XP level 4. HP: 13/34 MP: 8/8
  1245 | D:3      | Killed from afar by an orc priest

Skill      XL: |  1  2  3 |
---------------+----------+-----
Invocations    | 1 |  1.2
Short Blades   | 1 |  1.1
Long Blades    | 1 |  1.1
Axes           | 1 |  1.1
Maces & Flails | 1 |  1.1
Polearms       | 1 |  1.1
Staves         | 1 |  1.1
Bows           | 1 |  1.1
Crossbows      | 1 |  1.1
Throwing       | 1 |  1.1
Armour         | 1 |  1.1
Stealth        | 1 |  1.1
Shields        | 1 |  1.1
Unarmed Combat | 1 |  1.1
Evocations     | 1 |  1.1
Spellcasting   | 3 |  3.0
Fighting       | |  2.7
Slings         | |  4.6
Dodging        | |  4.6
Conjurations   | |  0.9
Hexes          | |  5.4
Charms         | |  0.9
Summonings     | |  0.9
Necromancy     | |  0.9
Translocations | |  0.9
Transmutations | |  0.9
Fire Magic     | |  0.9
Ice Magic      | |  0.9
Air Magic      | |  0.9
Earth Magic    | |  0.9
Poison Magic   | |  0.9

Action                   |  1- 3 |  4- 6 || total
-------------------------+-------+-------++-------
Melee: Mace              |    51 |     3 ||    54
       Bite              |     6 |     1 ||     7
 Fire: Hunting sling     |    20 |       ||    20
Throw: Javelin           |    46 |       ||    46
       Tomahawk          |     2 |       ||     2
  Eat: Chunk             |     1 |       ||     1
Armor: Leather armour    |     6 |       ||     6
       Scale mail        |    23 |     2 ||    25
Dodge: Dodged            |    49 |     4 ||    53

Vault maps used:
D:1:      dpeg_arrival_shelter, minmay_misc_feat_ornament
D:2:      nicolae_overflow_hidden_temple
D:3:      first_ration

Table legend:
 A = Turns spent in this place as a percentage of turns spent in the entire game.
 B = Non-inter-level travel turns spent in this place as a percentage of non-inter-level travel turns spent in the entire game.
 C = Inter-level travel turns spent in this place as a percentage of turns spent in this place.
 D = Turns resting spent in this place as a percentage of non-inter-level travel turns spent in this place.
 E = Turns spent auto-exploring this place as a percentage of non-inter-level travel turns spent in this place.
 F = Non-inter-level travel turns spent in this place divided by the number of levels of this place that you've seen.
                   A       B       C       D       E      F
               +-------+-------+-------+-------+-------+----------------------
         Total | 100.0 | 100.0 |   1.4 |   0.0 |  81.0 | 409.0
       Dungeon | 100.0 | 100.0 |   1.4 |   0.0 |  81.0 | 409.0
               +-------+-------+-------+-------+-------+----------------------

Table legend:
 A = Kills in this place as a percentage of kills in entire the game.
 B = Kills by you in this place as a percentage of kills by you in the entire game.
 C = Kills by friends in this place as a percentage of kills by friends in the entire game.
 D = Other kills in this place as a percentage of other kills in the entire game.
 E = Experience gained in this place as a percentage of experience gained in the entire game.
 F = Experience gained in this place divided by the number of levels of this place that you have seen.
                   A       B       C       D       E      F
               +-------+-------+-------+-------+-------+----------------------
         Total | 100.0 | 100.0 |   N/A |   N/A | 100.0 |  40.0
       Dungeon | 100.0 | 100.0 |   N/A |   N/A | 100.0 |  40.0
               +-------+-------+-------+-------+-------+----------------------
